 Dungeon Crawl Stone Soup version bcrawl-1.14 (webtiles) character file.

Game seed: 6255684184547043321

54954 OrcJesus the Impaler (level 14, -7/92 HPs)
             Began as a Gargoyle Archaeologist on Sept 7, 2019.
             Was a High Priest of the Shining One.
             Mangled by an orc warlord
             ... wielding a +0 halberd
             ... summoned by an orange crystal statue
              (15 damage)
             ... in the Orcish Mines on Sept 8, 2019.
             The game lasted 00:47:03 (15040 turns).

OrcJesus the Impaler (Gargoyle Archaeologist)      Turns: 15040, Time: 00:47:04

Health: -7/92      AC: 37    Str: 18      XL:     14   Next: 75%
Magic:  14/22      EV:  7    Int:  6 (15) God:    the Shining One [*****.]
Gold:   1602       SH:  0    Dex:  5      Spells: 13/13 levels left

rFire    + . .     SeeInvis +   f - +8 glaive of the Guard {elec, +Rage AC+5 SInv}
rCold    + . .     Gourm    .   (shield currently unavailable)
rNeg     + + +     Faith    .   n - +0 plate armour
rPois    ∞         Spirit   .   J - +1 helmet {SInv}
rElec    +         Reflect  .   U - scarf {cloud immunity}
rCorr    .         Harm     .   m - +0 pair of hand wraps "Fists of Thunder" {+elec, rElec Slay+2}
MR       ++...                  d - +1 pair of boots
Stlth    ..........             E - amulet of regeneration
HPRegen  0.65/turn              w - ring of protection from cold
MPRegen  0.18/turn              a - ring of Leushrot {rPois rF+ MR+ Dex-5}

@: flying, glowing, studying Stealth
A: big wings, negative energy resistance 1, electricity resistance, unbreathing,
petrification resistance, rot immunity, AC +10
a: Stop Flying, Divine Shield, Cleansing Flame, Summon Divine Warrior, Renounce
Religion, Evoke Berserk Rage


You were in the Orcish Mines.
You worshipped the Shining One.
The Shining One was extremely pleased with you.
You were not hungry.

You visited 3 branches of the dungeon, and saw 16 of its levels.
You also visited: Sewer and Gauntlet.

You collected 1602 gold pieces.

Inventory:

Hand Weapons
 f - the +8 glaive of the Guard (weapon) {elec, +Rage AC+5 SInv} Occasionally, upon striking a foe, it will discharge some electrical energy and cause terrible harm. It affects your AC (+5). It lets you see invisible. It lets you go berserk.
 t - a +2 flail of protection
 Q - a +2 longbow of flaming
Missiles
 R - 749 arrows
Armour
 d - a +1 pair of boots (worn)
 m - the +0 pair of hand wraps "Fists of Thunder" (worn) {+elec, rElec Slay+2}
   (You found it in a Gauntlet)

   It affects your accuracy and damage with ranged weapons and melee attacks
   (+2).
   It insulates you from electricity.
 n - a +0 plate armour (worn)
 J - a +1 helmet of see invisible (worn)
 O - a +1 hat of magic resistance
 U - a scarf of cloud immunity (worn)
Jewellery
 a - the ring of Leushrot (right hand) {rPois rF+ MR+ Dex-5}
   (You found it in a Gauntlet)

   [ring of poison resistance]

   It affects your dexterity (-5).
   It protects you from fire.
   It protects you from poison.
   It affects your resistance to hostile enchantments.
 w - a ring of protection from cold (left hand)
 E - an amulet of regeneration (around neck)
 H - a +3 amulet of reflection
Wands
 o - a wand of enslavement (18)
 r - a wand of paralysis (12)
 s - a wand of iceblast (32)
 C - a wand of acid (6)
 D - a wand of digging (9)
 G - a wand of scattershot (5)
 K - a wand of flame (14)
Scrolls
 b - a scroll of vulnerability {unknown}
 e - 7 scrolls of teleportation
 i - 3 scrolls of amnesia
 k - 2 scrolls of enchant armour
 l - 11 scrolls of remove curse
 v - 5 scrolls of enchant weapon
 y - a scroll of fog
 z - 3 scrolls of blinking
 B - 3 scrolls of magic mapping
 L - a scroll of fear
Potions
 h - 5 potions of curing
 j - 6 potions of berserk rage
 p - 4 potions of agility
 q - 6 potions of mutation
 u - a potion of cancellation {unknown}
 x - 2 potions of ambrosia {unknown}
 A - a potion of flight
 I - a potion of lignification
 M - a potion of haste
 N - 2 potions of brilliance {unknown}
 T - 2 potions of might
Books
 S - a manual of Stealth
Miscellaneous
 c - 2 sacks of spiders
 P - a phial of floods
Comestibles
 g - 34 rations {!d}
 F - 2 chunks of flesh


   Skills:
 + Level 12.5 Fighting
 - Level 1.0 Maces & Flails
 * Level 15.5 Polearms
 - Level 1.0 Bows
 + Level 12.1 Armour
 - Level 2.4 Dodging
 - Level 3.6 Stealth
 + Level 11.0 Invocations


You had 13 spell levels left.
You didn't know any spells.
Your spell library contained the following spells:

 Spells                   Type           Power        Failure   Level  Hunger
 Corona                   Hex            #......      100%        1    ##.....
 Ensorcelled Hibernation  Hex/Ice        #.....       100%        2    ###....
 Confuse                  Hex            #.......     100%        3    ####...
 Dazzling Spray           Conj/Hex       #.....       100%        3    ####...
 Tukima's Dance           Hex            #.......     100%        3    ####...


Dungeon Overview and Level Annotations

Branches:
Dungeon (9/12)             Temple (0/1) D:4            Lair (6/6) D:7
  Swamp (0/3) Lair:4        Snake (0/3) Lair:4        Slime (0/5) Lair:5
    Orc (1/1) D:8             Elf (0/3) Orc

Altars:
Elyvilon
Gozag
Hepliaklqana
Lugonu
Makhleb
Qazlal
Trog
Wu Jian
Zin
The Shining One
Beogh

Shops:
D:2 *   Orc ![(*

Annotations:
D:5 Prince Ribbit Orc 1 runed door, exclusion: 4 orange crystal statues


Innate Abilities, Weirdness & Mutations

You are resistant to torment.
Your stone body is resilient. (AC +10)
You are immune to poison.
Your large and strong wings let you fly indefinitely.
You resist negative energy. (rN+)
You are resistant to electric shocks. (rElec)
You can survive without breathing.
You are immune to petrification.
You are immune to rotting.


Message History

The troll bites you but does no damage.
The troll claws you but does no damage. x2
The orc warlord hits you but does no damage.
The warg bites you but does no damage.
You hit the orc warrior.
Lightning courses through the orc warrior!
The orc warrior is moderately wounded.
The orc warrior hits you from afar with a +0 glaive!
* * * LOW HITPOINT WARNING * * *
The troll bites you but does no damage. The troll claws you.
* * * LOW HITPOINT WARNING * * *
The troll claws you but does no damage. The warg bites you but does no damage.
The orc sorcerer hits you but does no damage.
The troll bites you but does no damage.
The troll claws you but does no damage. x2
The orc warrior hits you but does no damage.
You slash the orc warrior!
Lightning courses through the orc warrior!
You kill the orc warrior!
The orc warrior's corpse dissolves into shadows!
The orc warlord hits you from afar with a +0 halberd!
You die...

.........................##
.#...........####+####....#
###.#........#8.....8#...##
###........#.#...#.#....#
##.......#..oo...#.#.##
##......#.oohoO.#....#
##.......#.ooooo.#....#
#........#o#oTo#.#....#
##.#...#.#8h@TT.8#...##
#######.####'####....#
#...........#.##
##......####...# ##.....#
##.## ######### ##.##..##
#...#
##.......###......#####..##
#..#####..##...#....##...##
..##.∩.##..##........#....#


You could see an orc warlord, 4 orange crystal statues, 3 trolls, 2 wargs, an
orc sorcerer, 4 orc warriors, an ogre, 2 orc priests and 5 orcs.

Vanquished Creatures
  Gastronok (Lair:2)
  The ghost of Theblade12 the Bludgeoner, a journeyman TrBe of Trog (Lair:5)
  An orc warlord (Orc)
  Nessos (Lair:4)
  A minotaur (Gauntlet)
  A fire dragon (Lair:6)
  Psyche (D:8)
  5 hydras
  2 queen ants
  An orc high priest (Orc)
  Sonja (Lair:5)
  A fire crab (Lair:6)
  A glowing orange brain (Gauntlet)
  A lindwurm (Lair:6)
  An ugly thing (Gauntlet)
  2 orc sorcerers (Orc)
  A manticore (D:9)
  2 orc knights (Orc)
  7 black mambas
  2 molten gargoyles (Lair:6)
  A gargoyle (D:7)
  2 rime drakes
  6 komodo dragons
  8 cane toads
  A minotaur zombie (Gauntlet)
  7 trolls
  A tyrant leech (Lair:4)
  2 queen bees
  A polar bear (Lair:4)
  A hornet (Lair:5)
  Grinder (D:3)
  6 blink frogs
  6 dream sheep (Lair:6)
  6 hippogriffs
  Sigmund (D:3)
  4 wyverns
  A spriggan (D:9)
  5 basilisks
  36 yaks
  A steam dragon (Lair:6)
  4 wargs (Orc)
  7 nagas (Lair:4)
  A swamp worm (Lair:4)
  10 soldier ants
  8 water moccasins
  6 porcupines
  5 hell hounds (Lair:6)
  2 phantoms
  A sky beast (D:8)
  Purgy (Sewer)
  23 orc warriors
  A black bear (D:7)
  9 ogres
  37 wolves
  16 crocodiles
  3 centaurs
  6 bullfrogs
  A gnoll sergeant (D:4)
  4 scorpions
  5 wights (D:7)
  13 killer bees
  A howler monkey (D:6)
  An electric eel (D:7)
  5 lava snakes (Lair:6)
  A centaur zombie (D:6)
  5 crimson imps
  3 bullfrog skeletons
  10 hounds
  7 jellies
  12 orc priests
  2 centaur skeletons
  3 iguanas
  Jessica (D:2)
  22 orc wizards
  32 worker ants
  Terence (D:2)
  A killer bee zombie (D:7)
  5 adders
  11 gnolls
  A shadow imp (D:6)
  3 oozes
  3 worms (D:2)
  4 dart slugs
  6 leopard geckos
  101 orcs
  A ball python (D:2)
  3 giant cockroaches
  9 goblins
  11 hobgoblins
  14 jackals
  9 kobolds
  3 quokkas
  15 bats
  3 frilled lizards
  4 rats
  2 fungi (Lair:2)
609 creatures vanquished.

Vanquished Creatures (others)
  3 fungi
  22 plants
25 creatures vanquished.

Grand Total: 634 creatures vanquished

Notes
Turn   | Place    | Note
-------+----------+-------------------------------------------
     0 | D:1      | OrcJesus the Gargoyle Archaeologist began the quest for the
                  | Orb.
     0 | D:1      | Reached XP level 1. HP: 12/12 MP: 1/1
   119 | D:1      | Reached XP level 2. HP: 12/17 MP: 2/2
   268 | D:1      | Found a glowing golden altar of the Shining One.
   275 | D:1      | Became a worshipper of the Shining One
   626 | D:1      | Reached XP level 3. HP: 18/23 MP: 3/3
   747 | D:2      | Found a corrupted altar of Lugonu.
   765 | D:2      | Reached skill level 1 in Polearms
   786 | D:2      | Reached skill level 2 in Polearms
  1270 | D:2      | Found Zin's Purification Station.
  1275 | D:2      | Reached XP level 4. HP: 27/28 MP: 4/4
  1278 | D:2      | Noticed Terence
  1287 | D:2      | Reached skill level 3 in Polearms
  1300 | D:2      | Killed Terence
  1329 | D:2      | Found a glowing silver altar of Zin.
  1379 | D:2      | Reached skill level 4 in Polearms
  1418 | D:2      | Reached XP level 5. HP: 18/32 MP: 5/5
  1553 | D:2      | Found a burning altar of Makhleb.
  1626 | D:2      | Noticed Jessica
  1632 | D:2      | Killed Jessica
  1632 | D:2      | Reached skill level 5 in Polearms
  1656 | D:2      | Found an ornate altar of the Wu Jian Council.
  1943 | D:3      | Noticed an ogre
  1953 | D:3      | Killed an ogre
  1953 | D:3      | Reached skill level 6 in Polearms
  1953 | D:3      | Reached XP level 6. HP: 12/37 MP: 6/6
  1955 | D:3      | Reached * piety under the Shining One
  1956 | D:3      | The Shining One protects you from harm!
  2259 | D:3      | Reached skill level 7 in Polearms
  2372 | D:3      | Reached XP level 7. HP: 41/41 MP: 7/7
  2468 | D:3      | Noticed Grinder
  2480 | D:3      | Killed Grinder
  2480 | D:3      | Reached skill level 1 in Armour
  2498 | D:3      | Noticed Sigmund
  2508 | D:3      | Killed Sigmund
  2508 | D:3      | Reached skill level 8 in Polearms
  2696 | D:3      | Found a faded altar of an unknown god.
  2883 | D:4      | Reached XP level 8. HP: 48/48 MP: 8/8
  2931 | D:4      | Found an opulent altar of Gozag.
  2972 | D:4      | Got a flickering turquoise ring
  2973 | D:4      | Identified the ring "Quifavag" {SInv Stlth-} (You found it
                  | on level 4 of the Dungeon)
  3186 | D:4      | Found a staircase to the Ecumenical Temple.
  3273 | D:4      | Found a glowing golden altar of the Shining One.
  3305 | D:4      | Reached ** piety under the Shining One
  3715 | D:5      | Entered Level 5 of the Dungeon
  3737 | D:5      | Reached skill level 5 in Fighting
  3903 | D:5      | Reached skill level 9 in Polearms
  3999 | D:5      | Noticed Prince Ribbit
  4008 | D:5      | Reached XP level 9. HP: 44/55 MP: 9/9
  4212 | D:6      | Found a glowing drain.
  4216 | Sewer    | Entered a sewer
  4239 | Sewer    | Noticed Purgy
  4244 | Sewer    | Killed Purgy
  4256 | Sewer    | Got a twisted hat
  4297 | Sewer    | Identified the cursed +0 hat of Ru's Regard {Dex+4} (You
                  | found it in a sewer)
  4396 | D:6      | Reached skill level 5 in Armour
  4474 | D:6      | Found a stormy altar of Qazlal.
  5070 | D:7      | Reached *** piety under the Shining One
  5077 | D:7      | Reached skill level 10 in Polearms
  5102 | D:7      | Noticed a gargoyle
  5115 | D:7      | Killed a gargoyle
  5115 | D:7      | Reached skill level 1 in Invocations
  5413 | D:7      | Noticed a troll
  5422 | D:7      | Killed a troll
  5423 | D:7      | Reached XP level 10. HP: 63/63 MP: 11/11
  5460 | D:7      | Found a bloodstained altar of Trog.
  5560 | D:7      | Found a staircase to the Lair.
  5882 | D:8      | Noticed Psyche
  5889 | D:8      | Killed Psyche
  5889 | D:8      | Reached skill level 11 in Polearms
  5990 | D:8      | Found a white marble altar of Elyvilon.
  6307 | D:8      | Found a staircase to the Orcish Mines.
  6412 | D:9      | Found a roughly hewn altar of Beogh.
  6431 | D:9      | Reached **** piety under the Shining One
  6474 | D:9      | Reached skill level 5 in Invocations
  6476 | D:9      | Noticed a manticore
  6483 | D:9      | Killed a manticore
  6483 | D:9      | Reached XP level 11. HP: 53/69 MP: 14/14
  7069 | D:9      | Found a hazy altar of Hepliaklqana.
  7194 | Lair:1   | Entered Level 1 of the Lair of Beasts
  7226 | Lair:1   | Found a gate leading to a gauntlet.
  7231 | Gauntlet | Entered a Gauntlet
  7231 | Gauntlet | Found a transporter.
  7231 | Gauntlet | Found a transporter.
  7246 | Gauntlet | Noticed a queen ant
  7247 | Gauntlet | Found a transporter.
  7251 | Gauntlet | Found a transporter.
  7261 | Gauntlet | Found a transporter.
  7265 | Gauntlet | Found a transporter.
  7277 | Gauntlet | Found a transporter.
  7277 | Gauntlet | Noticed a glowing orange brain
  7279 | Gauntlet | Found the +0 pair of hand wraps "Fists of Thunder" {+elec,
                  | rElec Slay+2}
  7288 | Gauntlet | Noticed a red ugly thing
  7296 | Gauntlet | Found a transporter.
  7301 | Gauntlet | Found a transporter.
  7305 | Gauntlet | Found a transporter.
  7306 | Gauntlet | Noticed a tengu warrior
  7316 | Gauntlet | Found a transporter.
  7319 | Gauntlet | Found a transporter.
  7445 | Gauntlet | Killed a queen ant
  7451 | Gauntlet | Reached skill level 12 in Polearms
  7535 | Gauntlet | Killed a red ugly thing
  7538 | Gauntlet | Killed a glowing orange brain
  7561 | Gauntlet | Noticed a minotaur
  7571 | Gauntlet | Killed a minotaur
  7576 | Gauntlet | HP: 1/71 [minotaur zombie (8)]
  7630 | Gauntlet | Got a scintillating iron ring
  7665 | Lair:1   | Reached ***** piety under the Shining One
  8133 | Lair:1   | Reached XP level 12. HP: 76/76 MP: 17/17
  8136 | Lair:1   | Identified the ring of Leushrot {rPois rF+ MR+ Dex-5} (You
                  | found it in a Gauntlet)
  9123 | Lair:2   | Reached skill level 10 in Fighting
  9123 | Lair:2   | Reached skill level 13 in Polearms
  9187 | Lair:2   | Noticed Gastronok
  9196 | Lair:2   | Killed Gastronok
  9632 | Lair:3   | Reached skill level 10 in Armour
  9953 | Lair:3   | Noticed a queen ant
  9962 | Lair:3   | Reached XP level 13. HP: 81/83 MP: 19/19
 10605 | Lair:4   | Noticed Nessos
 10617 | Lair:4   | Killed Nessos
 10617 | Lair:4   | Reached skill level 14 in Polearms
 10812 | Lair:4   | Reached skill level 1 in Bows
 10820 | Lair:4   | Found a staircase to the Snake Pit.
 11260 | Lair:4   | Found a staircase to the Swamp.
 11775 | Lair:5   | Found a staircase to the Slime Pits.
 11788 | Lair:5   | Noticed Theblade12's ghost (journeyman TrBe)
 11794 | Lair:5   | Found a transporter.
 11798 | Lair:5   | Found a transporter.
 11822 | Lair:5   | Killed Theblade12's ghost
 12094 | Lair:5   | Noticed Sonja
 12097 | Lair:5   | Killed Sonja
 12097 | Lair:5   | Reached skill level 10 in Invocations
 12455 | Lair:6   | Entered Level 6 of the Lair of Beasts
 12483 | Lair:6   | Gained mutation: Your large and strong wings let you fly
                  | indefinitely. [Gargoyle growth]
 12483 | Lair:6   | Reached XP level 14. HP: 77/91 MP: 21/21
 12646 | Lair:6   | Reached skill level 15 in Polearms
 13137 | Lair:6   | Found a large runed door.
 13138 | Lair:6   | Found a large runed door.
 13923 | Orc      | Entered the Orcish Mines
 13923 | Orc      | Found a staircase to the Elven Halls.
 14052 | Orc      | Found the +10 large shield of Ignorance {rN+ Int-4}
 14057 | Orc      | Found a runed door.
 14165 | Orc      | Found a runed door.
 14313 | Orc      | Noticed an orc warlord
 14319 | Orc      | Reached ****** piety under the Shining One
 14348 | Orc      | Killed an orc warlord
 14468 | Orc      | Found Muopsi Mawu's Antique Weapon Shoppe.
 14481 | Orc      | Found Letwoah's Antique Armour Emporium.
 14482 | Orc      | Found a roughly hewn altar of Beogh.
 14624 | Orc      | Found a roughly hewn altar of Beogh.
 14652 | Orc      | Found a roughly hewn altar of Beogh.
 14666 | Orc      | Found Veubb's Distillery.
 14688 | Orc      | Found a roughly hewn altar of Beogh.
 14749 | Orc      | Found a roughly hewn altar of Beogh.
 14777 | Orc      | Found a roughly hewn altar of Beogh.
 14778 | Orc      | Found Idyru's Assorted Antiques.
 14912 | Orc      | Found a roughly hewn altar of Beogh.
 14941 | Orc      | Found a roughly hewn altar of Beogh.
 15030 | Orc      | Noticed an orc warlord
 15040 | Orc      | Mangled by an orc warlord

Skill      XL: |  1  2  3  4  5  6  7  8  9 10 11 12 13 14 |
---------------+-------------------------------------------+-----
Fighting       | 2 3 4 5 7 8 9 10 11 12 | 12.5
Polearms       | 2 4 6 7 8 9 10 11 12 13 14 15 | 15.5
Armour         | 2 4 6 7 8 10 11 12 | 12.1
Invocations    | 2 5 7 8 10 11 | 11.0
Bows           | 1 |  1.0
Maces & Flails | |  1.0
Dodging        | |  2.4
Stealth        | |  3.6

Action                   |  1- 3 |  4- 6 |  7- 9 | 10-12 | 13-15 || total
-------------------------+-------+-------+-------+-------+-------++-------
Melee: Whip              |   163 |    20 |       |       |       ||   183
       Flail             |       |    51 |       |       |       ||    51
       Glaive            |       |    27 |   189 |   363 |   538 ||  1117
Invok: Divine Shield     |       |       |       |       |     1 ||     1
       Cleansing Flame   |       |       |       |       |     6 ||     6
 Abil: Evoke Berserk Rag |       |       |       |       |     2 ||     2
       Fly               |       |       |       |       |     1 ||     1
  Use: Scroll            |       |       |    10 |     8 |     2 ||    20
       Potion            |       |       |       |     3 |       ||     3
 Stab: Sleeping          |     2 |       |       |       |       ||     2
  Eat: Chunk             |     1 |     4 |    10 |    15 |    20 ||    50
Armor: Robe              |    95 |     9 |       |       |       ||   104
       Scale mail        |       |    34 |    60 |       |       ||    94
       Chain mail        |       |       |    17 |    19 |       ||    36
       Troll leather arm |       |       |       |    95 |       ||    95
       Plate armour      |       |       |       |   117 |   766 ||   883
Dodge: Dodged            |   164 |    45 |    67 |   145 |   287 ||   708
Block: Other             |       |       |       |     8 |    56 ||    64
